 Dungeon Crawl Stone Soup version 0.28-a0-1190-g77e1c55843 (webtiles) character file.

Game seed: 144012947128133281

37 SensoryNuts the Skirmisher (level 3, -4/29 HPs)
             Began as a Demonspawn Fighter on Dec 18, 2021.
             Slain by Crazy Yiuf (10 damage)
             ... on level 2 of the Dungeon.
             The game lasted 00:01:18 (1555 turns).

SensoryNuts the Skirmisher (Demonspawn Fighter)     Turns: 1555, Time: 00:01:18

Health: -4/29      AC:  8    Str: 18    XL:     3   Next: 23%
Magic:  3/3        EV: 14    Int:  9    God:
Gold:   65         SH:  4    Dex: 12    Spells: 2/2 levels left

rFire   . . .      SeeInvis .   a - +0 long sword
rCold   . . .      Faith    .   c - +0 buckler
rNeg    . . .      Spirit   .   b - +0 scale mail
rPois   .          Reflect  .   (no helmet)
rElec   .          Harm     .   (no cloak)
rCorr   .          Rampage  .   (no gloves)
Will    .....                   (no boots)
Stlth   ..........              (no amulet)
HPRegen 0.09/turn               (no ring)
MPRegen 0.08/turn               (no ring)

@: mighty, agile, hasted and slowed
A: molten scales 1, powered by pain 1
a: no special abilities


You were on level 2 of the Dungeon.
You visited 1 branch of the dungeon, and saw 2 of its levels.

You collected 65 gold pieces.

Inventory:

Hand Weapons
 a - a +0 long sword (weapon)
Armour
 b - a +0 scale mail (worn)
 c - a +0 buckler (worn)
Scrolls
 e - a scroll of vulnerability {unknown}
 g - a scroll of identify {unknown}
 h - a scroll of magic mapping {unknown}
Potions
 f - a potion of heal wounds {unknown}


   Skills:
 + Level 3.3 Fighting
 + Level 2.4 Long Blades
 + Level 3.0 Armour
 + Level 3.0 Shields


You had 2 spell levels left.
You didn't know any spells.
Your spell library was empty.

Dungeon Overview and Level Annotations

Branches:
Dungeon (2/15)

Altars:
Beogh

Annotations:
D:2 Crazy Yiuf


Innate Abilities, Weirdness & Mutations

You are partially covered in molten scales. (AC +2)
You sometimes gain a little power by taking damage.


Message History

Found 4 javelins.
Found 23 stones.
You now have 65 gold pieces (gained 15).
Found a hand axe.
You see here a +0 hand axe.
Found a helmet.
No target in view!
No target in view!
You see here 23 stones.
You see here a bat corpse.
There is an open door here.
Key pressed, stopping explore.
There is an open door here.
Crazy Yiuf shouts!
Crazy Yiuf grits, "Pitchfork cower arm!"
Could not explore, unopened runed door.
Could not explore, unopened runed door.
Could not explore, unopened runed door.
No reachable target in view!
No reachable target in view!
No reachable target in view!
Okay, then.
You open the door.
Okay, then.
You barely miss Crazy Yiuf.
Crazy Yiuf hits you with a +3 quarterstaff of chaos!
You barely miss Crazy Yiuf.
Crazy Yiuf hits you with a +3 quarterstaff of chaos.
You feel very mighty all of a sudden. Crazy Yiuf hits you but does no damage.
You feel yourself slow down.
You slash Crazy Yiuf!
Crazy Yiuf is moderately wounded.
Crazy Yiuf hits you with a +3 quarterstaff of chaos!
* * * LOW HITPOINT WARNING * * *
You focus on the pain.
You feel agile all of a sudden.
You feel yourself speed up. Crazy Yiuf closely misses you.
You feel mightier all of a sudden.
Crazy Yiuf hits you with a +3 quarterstaff of chaos!
You die...

..)........####..#####...........
###...###### #....# ##.#########
# #...# #...P# #.# # ###...######
#.P.## #.# ...........# ##.## #.#
############ #.## #.###### # ##.#
#......#### # #.## #.......... #
##@# #.......... # #g#
#.###....(. # ... #...'...... #
#...# #.###...... # #..)# #.#
####### # ####### ##### #.# #
#.....# #.###### # #.....##
#######.##...#### # #......#
#.....#.##...##..


You could see Crazy Yiuf.

Vanquished Creatures
  2 dart slugs (D:1)
  5 ball pythons
  5 bats
  4 endoplasms
  4 giant cockroaches (D:1)
  2 goblins
  2 hobgoblins (D:1)
  3 kobolds
  4 rats
31 creatures vanquished.

Notes
Turn   | Place    | Note
-------+----------+-------------------------------------------
     0 | D:1      | SensoryNuts the Demonspawn Fighter began the quest for the
                  | Orb.
     0 | D:1      | Reached XP level 1. HP: 18/18 MP: 1/1
   156 | D:1      | Gained mutation: You are partially covered in molten
                  | scales. (AC +2) [demonic ancestry]
   156 | D:1      | Reached XP level 2. HP: 24/24 MP: 2/2
   485 | D:1      | Found a faded altar of an unknown god.
   690 | D:2      | Gained mutation: You sometimes gain a little power by
                  | taking damage. [demonic ancestry]
   690 | D:2      | Reached XP level 3. HP: 21/29 MP: 3/3
  1196 | D:2      | Found a runed translucent door.
  1197 | D:2      | Noticed Crazy Yiuf
  1555 | D:2      | Slain by Crazy Yiuf

Illustrated notes

Levels and vault maps discovered:
D:1:      dpeg_arrival_round_a, layout_rooms,
          hellmonk_ecumenical_altar_defaced_shrine, minmay_pentomino_x4
D:2:      layout_basic, uniq_crazy_yiuf_cottage

Skill      XL: |  1  2 |
---------------+-------+-----
Long Blades    | 2 |  2.4
Armour         | 3 |  3.0
Shields        | 3 |  3.0
Fighting       | |  3.3

Action                   || total
-------------------------++-------
Melee: Long sword        ||    81
  Use: Potion            ||     1
Armor: Scale mail        ||    37
Dodge: Dodged            ||    38
Block: Buckler           ||    28

Table legend: (Time is in decaauts)
 A = Elapsed time spent in this place.
 B = Non-inter-level travel time spent in this place.
 C = Inter-level travel time spent in this place.
 D = Time resting spent in this place.
 E = Time spent auto-exploring this place.
 F = Levels seen in this place.
 G = Mean time per level.
                   A        B        C        D        E       F      G
               +--------+--------+--------+--------+--------+-----+--------+
         Total |   1581 |   1581 |      0 |      0 |   1366 |   2 |  790.5 |
       Dungeon |   1581 |   1581 |      0 |      0 |   1366 |   2 |  790.5 |
               +--------+--------+--------+--------+--------+-----+--------+

Top non-repeatable levels by time:
     D:2: 883 daAuts
     D:1: 697 daAuts
